Map: Jagannatha LE

Players

SortOf

  • Race: Zerg Zerg
  • League: Master

TLHarstem (Harstem) - Winner!

  • Race: Protoss Protoss
  • League: Master

Event: DreamHack SC2 Masters 2021 Summer

VOD

Have the link to the VOD?

Description

Time

  • Played on: May 30, 2021, 2:07 p.m.
  • Length: 11:46

All games in this series

Show
View Real Time Build Order
Export as new Build Order

SortOf Zerg 

Build Orders: Hatch First, Muta Ling Bane 

Get SALT Encoding   

  12  0:00  Drone  
  13  0:12  Overlord  
  13  0:17  Drone  
  14  0:32  Drone x2  
  16  0:46  Drone  
  17  0:53  Hatchery  
  17  0:56  Drone  
  17  1:01  Drone  
  18  1:12  Extractor  
  18  1:15  Spawning Pool  
  16  1:18  Drone  
  16  1:22  Drone  
  18  1:30  Drone  
  19  1:40  Drone  
  20  1:49  Overlord  
  20  2:03  Zergling x2  
  20  2:04  Queen x2  
  20  2:05  Drone  
  26  2:14  Zergling x2  
  28  2:15  Drone  
  28  2:17  Metabolic Boost  
  28  2:23  Drone  
  29  2:38  Hatchery, Drone  
  29  2:41  Zergling x2  
  30  2:49  Queen  
  30  2:51  Drone  
  33  2:55  Overlord  
  33  3:01  Drone  
  33  3:02  Drone x2  
  36  3:14  Queen  
  36  3:18  Drone x3  
  36  3:19  Drone  
  42  3:21  Overlord  
  42  3:27  Zergling x2  
  43  3:28  Drone  
  44  3:35  Overlord  
  44  3:39  Overlord, Queen  
  46  3:51  Overlord  
  46  3:52  Queen  
  46  3:53  Drone x3  
  46  3:54  Drone  
  52  3:56  Drone  
  52  3:57  Drone  
  52  4:00  Drone  
  52  4:02  Drone x2  
  57  4:06  Spore Crawler  
  57  4:07  Drone  
  57  4:13  Zergling x2  
  57  4:14  Overlord  
  57  4:15  Drone x2  
  60  4:18  Drone x2  
  60  4:22  Drone x2  
  60  4:23  Drone  
  65  4:25  Drone  
  65  4:28  Queen  
  65  4:31  Drone x2  
  69  4:36  Drone x2  
  71  4:40  Spore Crawler  
  71  4:41  Drone  
  71  4:44  Roach Warren  
  71  4:45  Drone x2  
  72  4:50  Spore Crawler, Drone x2  
  72  4:51  Drone x2  
  75  4:55  Lair  
  75  4:56  Extractor  
  75  4:58  Drone x2  
  76  5:02  Overlord  
  76  5:03  Drone x2  
  78  5:07  Evolution Chamber  
  78  5:09  Extractor  
  78  5:11  Zergling x2  
  78  5:12  Zergling x4  
  79  5:17  Drone x4  
  79  5:20  Drone  
  79  5:21  Drone x5  
  88  5:23  Extractor x2  
  88  5:25  Extractor  
  85  5:29  Drone  
  85  5:32  Drone x2  
  85  5:34  Hatchery  
  87  5:40  Zerg Melee Weapons Level 1  
  87  5:43  Overlord  
  87  5:44  Drone x2  
  87  5:45  Overlord  
  87  5:47  Overlord  
  89  5:50  Overlord  
  89  5:54  Spire  
  89  5:55  Overlord  
  88  5:58  Overlord  
  88  6:00  Overlord  
  87  6:05  Overlord  
  87  6:06  Drone x4  
  87  6:07  Overseer  
  87  6:08  Glial Reconstitution  
  88  6:13  Roach x3  
  88  6:17  Roach x3  
  100  6:20  Drone x3  
  103  6:30  Overlord  
  103  6:31  Overlord  
  103  6:32  Drone x5  
  108  6:35  Overlord  
  108  6:38  Overlord  
  108  6:39  Extractor  
  107  6:43  Overlord  
  107  6:48  Drone x3  
  107  6:52  Drone x2  
  109  7:07  Mutalisk x8  
  125  7:12  Baneling Nest  
  125  7:13  Roach x4  
  132  7:16  Overlord  
  132  7:19  Spore Crawler  
  132  7:21  Roach x5  
  141  7:26  Drone x2  
  141  7:27  Drone x3  
  146  7:34  Roach x5  
  146  7:35  Overseer  
  156  7:39  Overseer  
  156  7:40  Roach x2  
  159  7:49  Roach x6  
  171  7:54  Ravager x2  
  171  7:55  Ravager  
  171  7:56  Overlord  
  171  7:57  Zergling x10  
  179  7:59  Overlord  
  179  8:04  Zergling x10  
  182  8:14  Roach x6  
  182  8:15  Overlord  
  192  8:20  Overlord  
  192  8:25  Mutalisk  
  192  8:26  Mutalisk  
  188  8:28  Zergling x16  
  188  8:31  Spine Crawler  
  195  8:35  Centrifical Hooks  
  195  8:36  Zerg Melee Weapons Level 2  
  195  8:40  Zergling x10  
  199  8:48  Roach x5  
  162  8:58  Corruptor x2, Ravager x2  
  162  9:00  Zergling x10  
  162  9:01  Zergling x4  
  175  9:05  Roach x2  
  179  9:13  Zergling x12  
  185  9:18  Ravager x5  
  185  9:22  Zergling x14  
  196  9:30  Overlord  
  189  9:32  Zergling x8  
  188  9:38  Overlord  
  188  9:42  Baneling  
  188  9:43  Baneling x13  
  182  9:47  Zergling x16  
  179  9:56  Roach x3  
  183  10:01  Hatchery  
  182  10:09  Baneling x14  
  182  10:10  Baneling x2  
  182  10:11  Zergling x18  
  185  10:24  Zergling x20  
  173  10:28  Corruptor x4  
  181  10:38  Zergling x8  
  181  10:40  Zergling x2  
  181  10:41  Zergling x4  
  185  10:48  Baneling x10  
  177  10:52  Roach x4  
  177  10:59  Roach x4  
  154  11:11  Roach x3  
  154  11:12  Roach x7  
  154  11:16  Roach  
  154  11:17  Roach x2  
  161  11:20  Roach x2  
  161  11:23  Roach x3  
  159  11:25  Roach  
Show
View Real Time Build Order
Export as new Build Order

TLHarstem Protoss - Winner!

Build Orders: 1 Gate Expand, Oracle Opening, Zealot Archon 

Get SALT Encoding   

  12  0:00  Probe  
  13  0:12  Probe  
  14  0:20  Pylon  
  14  0:24  Probe  
  15  0:38  Probe (Chrono Boost)  
  15  0:41  Gateway  
  16  0:47  Probe (Chrono Boost)  
  17  0:50  Assimilator  
  17  0:52  Probe  
  18  1:05  Probe  
  19  1:17  Probe  
  20  1:28  Nexus  
  20  1:39  Cybernetics Core  
  20  1:42  Probe  
  21  1:50  Assimilator  
  21  1:54  Probe  
  21  1:58  Pylon  
  22  2:06  Probe  
  23  2:14  Adept (Chrono Boost)  
  23  2:18  Probe (Chrono Boost)  
  26  2:25  Stargate  
  26  2:28  Probe (Chrono Boost)  
  27  2:35  Probe (Chrono Boost)  
  27  2:36  Adept  
  30  2:37  Warp Gate  
  30  2:40  Probe (Chrono Boost)  
  31  2:49  Probe x2 (Chrono Boost)  
  33  2:54  Probe (Chrono Boost)  
  33  2:57  Probe  
  35  3:01  Pylon, Void Ray (Chrono Boost)  
  35  3:07  Probe  
  35  3:09  Probe  
  41  3:19  Probe  
  42  3:21  Gateway, Probe  
  43  3:31  Probe  
  43  3:33  Probe  
  45  3:37  Oracle  
  48  3:41  Pylon  
  48  3:44  Probe  
  48  3:45  Probe  
  50  3:53  Nexus  
  50  3:56  Probe  
  50  3:57  Probe  
  50  4:02  Robotics Facility  
  52  4:08  Probe  
  52  4:09  Probe  
  54  4:10  Pylon  
  54  4:15  Assimilator  
  54  4:16  Oracle (Chrono Boost)  
  54  4:20  Probe  
  54  4:23  Forge  
  59  4:24  Probe  
  59  4:30  Assimilator  
  59  4:32  Probe  
  59  4:36  Probe  
  59  4:37  Shield Battery  
  61  4:44  Probe  
  62  4:48  Probe  
  62  4:50  Pylon  
  62  4:52  Adept x2  
  67  4:55  Robotics Bay  
  67  4:56  Probe (Chrono Boost)  
  68  5:00  Probe (Chrono Boost)  
  68  5:01  Pylon  
  68  5:02  Observer  
  70  5:08  Protoss Ground Weapons Level 1 (Chrono Boost), Probe (Chrono Boost)  
  70  5:12  Probe (Chrono Boost)  
  73  5:14  Gateway  
  73  5:17  Probe x2 (Chrono Boost)  
  73  5:19  Probe (Chrono Boost)  
  75  5:24  Probe (Chrono Boost)  
  75  5:27  Gateway  
  75  5:28  Probe (Chrono Boost)  
  78  5:32  Probe (Chrono Boost)  
  78  5:34  Probe (Chrono Boost)  
  80  5:36  Twilight Council  
  80  5:37  Probe (Chrono Boost)  
  80  5:39  Probe x2 (Chrono Boost)  
  80  5:42  Disruptor (Chrono Boost)  
  82  5:44  Assimilator  
  82  5:46  Assimilator  
  82  5:47  Probe  
  86  5:50  Probe  
  86  5:51  Probe  
  86  5:55  Pylon  
  88  5:58  Pylon  
  88  6:09  Probe  
  88  6:10  Probe, Disruptor (Chrono Boost)  
  93  6:11  Charge (Chrono Boost)  
  93  6:12  Probe  
  93  6:13  Gateway x2  
  94  6:19  Gateway  
  94  6:20  Gateway  
  94  6:22  Gateway  
  94  6:24  Gateway  
  94  6:27  Pylon  
  94  6:28  Photon Cannon  
  94  6:32  Zealot x2, Sentry  
  98  6:36  Pylon  
  100  6:40  Shield Battery  
  100  6:43  Warp Prism (Chrono Boost)  
  102  6:54  Probe  
  102  6:57  Templar Archives  
  102  6:58  Probe  
  102  6:59  Shield Battery  
  104  7:15  Phoenix (Chrono Boost)  
  106  7:16  Probe  
  106  7:17  Nexus  
  106  7:20  Pylon  
  107  7:23  Pylon, Probe x2  
  107  7:25  Protoss Ground Weapons Level 2 (Chrono Boost)  
  107  7:28  Probe  
  110  7:35  Probe, High Templar x4, Photon Cannon  
  119  7:37  Phoenix (Chrono Boost)  
  119  7:38  Probe  
  119  7:39  Photon Cannon  
  119  7:40  Archon x2  
  122  7:48  Probe  
  122  7:49  Shield Battery  
  123  7:52  Photon Cannon  
  123  7:54  High Templar x2  
  123  7:55  Zealot x3, Phoenix (Chrono Boost), Photon Cannon  
  135  7:59  Probe  
  135  8:00  Protoss Air Weapons Level 1, Probe, Archon  
  135  8:01  Probe  
  133  8:09  Observer  
  133  8:12  Probe  
  130  8:13  Probe x2  
  131  8:22  Fleet Beacon  
  131  8:24  Probe  
  131  8:25  Probe x2  
  131  8:26  Stargate  
  132  8:28  Zealot x4, Assimilator  
  132  8:32  Assimilator  
  132  8:33  Probe  
  132  8:34  Zealot x2, High Templar x2  
  145  8:36  Probe  
  145  8:37  Probe  
  145  8:39  Archon  
  149  8:49  Zealot  
  149  8:50  Zealot x5  
  161  8:56  Pylon  
  161  8:58  Pylon  
  159  9:12  Pylon  
  159  9:15  Carrier x2 (Chrono Boost)  
  159  9:16  Probe  
  172  9:17  Zealot x2  
  172  9:18  Zealot  
  172  9:19  Zealot  
  177  9:24  Zealot  
  175  9:35  Zealot x3  
  177  9:42  Stargate  
  177  9:43  Zealot  
  177  9:45  Pylon  
  177  9:57  High Templar x3  
  177  9:58  Zealot x2, High Templar  
  187  10:01  Pylon  
  187  10:04  Pylon x2  
  187  10:05  Archon x2  
  187  10:11  Carrier  
  187  10:13  Probe  
  192  10:18  Stalker x2  
  174  10:25  Nexus  
  174  10:28  Zealot x4  
  174  10:34  Zealot x3  
  182  10:38  Probe  
  175  10:52  High Templar x3  
  175  10:53  Zealot x3, High Templar  
  181  10:58  Archon  
  181  11:00  Archon  
  179  11:12  Zealot  
  179  11:13  Zealot x2  
  183  11:23  Zealot  
  183  11:24  Zealot x2  
  185  11:30  Zealot x3  
  181  11:35  Probe (Chrono Boost)  
Tags
 
Add a new tag
Caveats
  • Supply blocks, unpowered buildings, or Contaminate may cause inaccurate times.
  • Supply counts are checked every 10 seconds.